 Dungeon Crawl Stone Soup version 0.30-a0-930-gb9d0489357 (webtiles) character file.

Game seed: 6253602114700885840

29 promet the Covered (level 3, 0/24 HPs)
             Began as a Human Wanderer on Mar 24, 2023.
             Slain by a gnoll
             ... wielding a +0 flail
              (4 damage)
             ... on level 1 of the Dungeon.
             The game lasted 00:06:04 (1671 turns).

promet the Covered (Human Wanderer)                 Turns: 1671, Time: 00:06:05

Health: 0/24       AC: 12    Str: 16    XL:     3   Next: 32%
Magic:  4/4        EV:  7    Int: 11    God:
Gold:   871        SH:  0    Dex: 11    Spells: 3/4 levels left

rFire   . . .      SeeInvis .    a - +0 short sword (holy)
rCold   . . .      Faith    .    (no shield)
rNeg    . . .      Spirit   .    d - +0 chain mail
rPois   .          Reflect  .    (no helmet)
rElec   .          Rampage  .    (no cloak)
rCorr   .                        (no gloves)
Will    .....                    f - +1 pair of boots Stlth
                                 (no amulet)
HPRegen 0.24/turn                (no ring)
MPRegen 0.09/turn                (no ring)

@: no status effects
A: no striking features
a: no special abilities


You were on level 1 of the Dungeon.
You visited 1 branch of the dungeon, and saw 2 of its levels.

You collected 871 gold pieces.

Inventory:

Hand Weapons
 a - a +0 short sword of holy wrath (weapon)
 b - a +0 sling
 h - a +0 club
Armour
 d - a +0 chain mail (worn)
 f - a +1 pair of boots (worn)
Scrolls
 e - a scroll of fog
 i - a scroll of identify
 j - a scroll of vulnerability {unknown}
 k - a scroll of noise {unknown}
 l - a scroll of immolation {unknown}
Potions
 c - a potion of attraction


   Skills:
 + Level 0.3 Short Blades
 + Level 0.2 Ranged Weapons
 + Level 5.6 Armour
 + Level 0.1 Dodging
 + Level 1.0 Stealth
 + Level 1.0 Spellcasting
 * Level 3.2 Fire Magic


You had 3 spell levels left.
You knew the following spells:

 Your Spells              Type           Power      Damage    Failure   Level
a - Foxfire               Conj/Fire      16%        2x1d4     94%         1

Your spell library contained the following spells:

 Spells                   Type           Power      Damage    Failure   Level
 Kindle Blastsparks       Fire/Tloc/Air  4%         2d10      100%        3


Dungeon Overview and Level Annotations

Branches:
Dungeon (2/15)

Altars:


Message History

You hit the gnoll.
The gnoll is moderately wounded.
The rat bites you but does no damage. The rat bites you.
Okay, then.
Blink to where?
Press: ? - help, Dir - move target
As you read the scroll of blinking, it crumbles to dust.
You climb upwards.
There is a stone staircase leading down here.
You start resting.
HP restored.
You start waiting.
Done waiting.
You climb downwards.
The gnoll hits you but does no damage.
There is a stone staircase leading up here.
You climb upwards.
There is a stone staircase leading down here.
You barely miss the gnoll. The gnoll hits you with a +0 flail!
You closely miss the gnoll. The gnoll hits you with a +0 flail.
You barely miss the gnoll. Your punch misses the gnoll.
The gnoll barely misses you.
You hit the gnoll.
The gnoll is moderately wounded.
The gnoll hits you with a +0 flail.
You hit the gnoll but do no damage.
The gnoll is moderately wounded.
The gnoll hits you with a +0 flail.
* * * LOW HITPOINT WARNING * * *
You hit the gnoll but do no damage.
The gnoll is moderately wounded.
The gnoll hits you with a +0 flail.
* * * LOW HITPOINT WARNING * * *
You barely miss the gnoll.
The gnoll is moderately wounded.
The gnoll hits you but does no damage.
You closely miss the gnoll.
The gnoll is moderately wounded.
The gnoll hits you with a +0 flail.
You die...

#....##....# #.##.##.##.#
#.##.##.##.# #..#.......#
##.#####.#### #####
#####.#####....# #.).#
###)..............
###...###...#####...#.##.#
#PP......@......+.........
##~~♣~....g###...#.....÷..#
#~~~♣~.....###.#.#........#
#.~P~......##.............#
#..........##.##.###.###...
#......###....#....#.###...
#......+.........#.#..##...
#......##.....#.#....#.....
#..................#...#...


You could see a gnoll.

Vanquished Creatures
  An adder (D:2)
  2 dart slugs (D:1)
  2 endoplasms
  A goblin (D:1)
  4 hobgoblins (D:1)
  A quokka (D:1)
  A bat (D:1)
  A kobold (D:1)
  2 rats (D:1)
15 creatures vanquished.

Notes
Turn   | Place    | Note
-------+----------+-------------------------------------------
     0 | D:1      | promet the Human Wanderer began the quest for the Orb.
     0 | D:1      | promet set off with the following items: a +0 club, a
                  | scroll of fog, a potion of attraction, a +0 chain mail; and
                  | the following spell memorised: Foxfire; and the following
                  | spells available to memorise: Kindle Blastsparks.
     0 | D:1      | Reached XP level 1. HP: 13/13 MP: 2/2
   271 | D:1      | Reached XP level 2. HP: 19/19 MP: 3/3
   702 | D:1      | Identified a scroll of acquirement
   702 | D:1      | Acquired 804 gold pieces
  1159 | D:2      | Reached XP level 3. HP: 24/24 MP: 0/4
  1671 | D:1      | Slain by a gnoll

Illustrated notes

Levels and vault maps discovered:
D:1:      dpeg_arrival_long_road, layout_basic, minmay_misc_feat_rows,
          serial_bayou_pond_d, hex_large
D:2:      layout_rooms

Action                     || total
---------------------------++-------
  Melee: Short sword       ||   110
         Club              ||     9
   Fire: Sling             ||     1
    Use: Scroll            ||     5
         Potion            ||     2
 Armour: Skin              ||    29
         Chain mail        ||    73
  Dodge: Dodged            ||    43

Table legend: (Time is in decaauts)
 A = Elapsed time spent in this place.
 B = Non-inter-level travel time spent in this place.
 C = Inter-level travel time spent in this place.
 D = Time resting spent in this place.
 E = Time spent auto-exploring this place.
 F = Levels seen in this place.
 G = Mean time per level.
                   A        B        C        D        E       F      G
               +--------+--------+--------+--------+--------+-----+--------+
         Total |   1659 |   1639 |     20 |    860 |    376 |   2 |  829.5 |
       Dungeon |   1659 |   1639 |     20 |    860 |    376 |   2 |  829.5 |
               +--------+--------+--------+--------+--------+-----+--------+

Top non-repeatable levels by time:
     D:1: 1300 daAuts
     D:2: 359 daAuts
